 Dungeon Crawl Stone Soup version 0.20-a0-201-g851c6fa (webtiles) character file.

194 esc the Skirmisher (level 5, -10/47 HPs)
             Began as a Hill Orc Abyssal Knight on Nov 24, 2016.
             Was a Priest of Lugonu.
             Killed from afar by Dowan (12 damage)
             ... with a stone arrow
             ... on level 5 of the Dungeon.
             The game lasted 00:12:46 (4242 turns).

esc the Skirmisher (Hill Orc Abyssal Knight)        Turns: 4242, Time: 00:12:47

Health: -10/47     AC:  5    Str: 16    XL:     5   Next: 73%
Magic:  3/7        EV: 11    Int: 12    God:    Lugonu [***...]
Gold:   174        SH:  0    Dex: 10    Spells: 4/4 levels left

rFire  . . .     SeeInvis .     a - +1 hand axe
rCold  . . .     Gourm    .     n - +0 ring mail
rNeg   . . .     Faith    .     (no shield)
rPois  .         Spirit   .     (no helmet)
rElec  .         Reflect  .     (no cloak)
rCorr  .         Harm     .     (no gloves)
MR     .....                    (no boots)
Stlth  ..........               (no amulet)
                                (no ring)
                                (no ring)

@: no status effects
A: no striking features
a: Depart the Abyss, Bend Space, Banish, Renounce Religion


You were on level 5 of the Dungeon.
You worshipped Lugonu.
Lugonu was most pleased with you.
You were hungry.

You visited 2 branches of the dungeon, and saw 6 of its levels.
You visited the Abyss 1 time.

You collected 174 gold pieces.

Inventory:

Hand Weapons
 a - a +1 hand axe (weapon)
Armour
 b - a +0 leather armour
 n - a +0 ring mail (worn)
   (You found it on level 4 of the Dungeon)
Scrolls
 e - 3 scrolls of identify
 g - 2 scrolls of remove curse
 h - a scroll of immolation {!r}
 j - a scroll of random uselessness {unknown}
 l - 2 scrolls of teleportation
 o - a scroll of noise {unknown}
Potions
 k - a potion of flight
Comestibles
 c - a bread ration {@e1}
 d - 3 chunks of flesh {@w0}
 q - a meat ration {@e2}


   Skills:
 + Level 4.7 Fighting
 + Level 4.0 Axes
 + Level 3.5 Armour
 + Level 2.0 Dodging
 + Level 3.6 Invocations


You had 4 spell levels left.
You didn't know any spells.

Dungeon Overview and Level Annotations

Branches:
Dungeon (5/15)             Temple (1/1) D:5

Altars:
Makhleb
Trog
Yredelemnul

Annotations:
D:5 Dowan
Abyss:1 Duvessa


Message History

You slash the orc!
You kill the orc!
Lugonu accepts your kill.
No target in view!
No target in view!
Things that are here:
a whip of flaming; an orc corpse You butcher the orc corpse.
d - 3 chunks of flesh {@w0}
Things that are here:
a whip of flaming; an orc skeleton You start resting.
Health restored: 47
Things that are here:
a whip of flaming; an orc skeleton
Found a runed rapier.
Dowan, Brother of Duvessa comes into view.
He is wielding a dagger of venom.
Dowan shouts!
You hit Dowan. Dowan gestures at you while chanting.
The puff of flame hits you!
You take 9 damage, and have 38/47 hp.
You closely miss Dowan. Dowan hits you but does no damage.
You are poisoned.
You hit Dowan.
You feel sick. Dowan gestures at you while chanting.
The puff of flame hits you!
You take 8 damage, and have 30/47 hp.
You slash Dowan!
You feel sick.
Dowan casts a spell.
Dowan blinks!
You take 1 damage, and have 29/47 hp.
You aren't carrying any items that you can evoke.
Unknown command.
Unknown command.
You barely miss Dowan.
You feel sick. Dowan barely misses you.
You closely miss Dowan.
You feel sick. Dowan barely misses you. Dowan casts a spell at you.
The puff of frost hits you!
Duvessa, Sister of Dowan comes into view.
She is wielding a short sword.
Duvessa shouts!
You take 10 damage, and have 19/47 hp.
MASSIVE DAMAGE!!
You feel sick.
You take 1 damage, and have 18/47 hp.
Dowan smirks and points a slender finger.
You feel sick.
You take 1 damage, and have 17/47 hp.
Dowan casts a spell at Duvessa.
Duvessa seems to speed up.
You feel sick.
You take 1 damage, and have 17/47 hp.
Duvessa hits you but does no damage.
A gnoll comes into view.
You feel sick.
The gnoll shouts!
Duvessa barely misses you. Duvessa barely misses you.
You feel sick. Duvessa barely misses you.
You take 1 damage, and have 16/47 hp.
Duvessa hits you but does no damage.
You feel sick.
You are no longer poisoned.
Duvessa says, "Where magic fails, the sword succeeds!"
Duvessa hits you with a short sword.
* * * LOW HITPOINT WARNING * * *
You take 5 damage, and have 12/47 hp.
Duvessa completely misses you. Duvessa hits you with a short sword.
* * * LOW HITPOINT WARNING * * *
You take 6 damage, and have 6/47 hp.
Duvessa hits you with a short sword.
* * * LOW HITPOINT WARNING * * *
You take 5 damage, and have 1/47 hp.
Okay, then.
Okay, then.
Aim: Duvessa, wielding a short sword (fast, chance to defeat MR: 68%) Duvessa is devoured by a tear in reality.
Lugonu claims a new guest.
You hear a distant wail of despair.
Your Axes skill increases to level 4!
Your Dodging skill increases to level 2!
You are feeling hungry.
You now have 3/7 mp.
Things that are here:
a short sword; a dagger Dowan seems to find hidden reserves of power!
Things that are here:
a dagger; a robe Dowan gestures wildly while chanting.
Dowan blinks!
You see here a tomahawk.
Okay, then.
You don't have enough magic at the moment.
Dowan casts a spell at you. The stone arrow misses you.
You see here a tomahawk.
Dowan casts a spell at you. The stone arrow hits you!
You die...

#.##P##.#.#
#.##P##.#.#
#.#####.#.#
##.......#.#
#........#.#
#.##.##.##.#
#..#.#..)..# #
#..#.############# #
#..#.§g.))e(@.(..# #
#..#############.# #
#..#..# #.# # #..#..#
#.# # #..#..# #.# #
#..#..# #.# #
#..#..##########.#
#####..#...........#.#
.................#.#.#


You could see Dowan and a gnoll.

Vanquished Creatures
  An orc wizard (D:5)
  2 gnolls (D:5)
  An adder (D:5)
  An ooze (D:1)
  A leopard gecko (D:1)
  10 orcs
  7 bats
  3 giant cockroaches
  6 goblins
  7 hobgoblins
  8 jackals
  A quokka (D:2)
  3 ball pythons
  4 frilled lizards
  8 kobolds
  13 rats
76 creatures vanquished.

Vanquished Creatures (others)
  8 fungi (D:5)
8 creatures vanquished.

Grand Total: 84 creatures vanquished

Notes
Turn   | Place    | Note
-------+----------+-------------------------------------------
     0 | Abyss:1  | esc the Hill Orc Abyssal Knight began the quest for the Orb.
     0 | Abyss:1  | Reached XP level 1. HP: 19/19 MP: 2/2
    21 | D:1      | Escaped the Abyss
    54 | D:1      | Reached skill level 1 in Dodging
   130 | D:1      | HP: 4/20 [hobgoblin (2)]
   136 | D:1      | HP: 4/20 [kobold/dagger (1)]
   464 | D:1      | Reached XP level 2. HP: 27/27 MP: 3/3
   660 | D:1      | Reached skill level 3 in Axes
   660 | D:1      | Reached XP level 3. HP: 24/33 MP: 4/4
   663 | D:1      | Reached ** piety under Lugonu
   716 | D:1      | Reached skill level 4 in Fighting
  1407 | D:2      | Found a bloodstained altar of Trog.
  1579 | D:2      | Reached skill level 3 in Armour
  1780 | D:3      | HP: 6/33 [orc/hand axe (4)]
  1797 | D:2      | Reached XP level 4. HP: 9/40 MP: 6/6
  2514 | D:4      | Noticed a phantom
  2646 | D:4      | Noticed a phantom
  2839 | D:5      | Entered Level 5 of the Dungeon
  2938 | D:5      | Found a staircase to the Ecumenical Temple.
  2948 | D:5      | Reached skill level 3 in Invocations
  2974 | D:5      | Reached *** piety under Lugonu
  3002 | Temple   | Entered the Ecumenical Temple
  3354 | D:5      | HP: 10/41 [spatial distortion (4)]
  3363 | D:5      | HP: 8/41 [gnoll/spear (9)]
  3363 | D:5      | HP: 3/41 [gnoll/spear (5)]
  3364 | D:5      | HP: 1/41 [spatial distortion (2)]
  3812 | D:5      | Reached XP level 5. HP: 39/47 MP: 7/7
  3836 | D:5      | HP: 8/47 [something/puff of flame (7)]
  4199 | D:5      | Noticed Dowan
  4210 | D:5      | Noticed Duvessa
  4235 | D:5      | HP: 6/47 [Duvessa/short sword (6)]
  4236 | D:5      | HP: 1/47 [Duvessa/short sword (6)]
  4237 | D:5      | Banished Duvessa
  4237 | D:5      | Reached skill level 4 in Axes
  4237 | D:5      | Reached skill level 2 in Dodging
  4242 | D:5      | Killed from afar by Dowan

Vault maps used:
D:1:      dpeg_arrival_pits
D:2:      bloody_trog, first_bread
D:5:      lemuel_castle_with_subvaults, serial_aquarium, aquarium_bridge_square,
          aquarium_bridge_square, aquarium_window_corner, aquarium_window_fake,
          aquarium_window_corridor_3, aquarium_window_2, aquarium_view_2c,
          aquarium_view_2d, aquarium_balcony_double_2, lemuel_blue_sif_altar,
          uniq_duvessa, uniq_menkaure
Temple:   regret_index_temple_chain_breaker

Skill      XL: |  1  2  3  4  5 |
---------------+----------------+-----
Dodging        | 1 2 |  2.0
Axes           | 3 4 |  4.0
Fighting       | 4 |  4.7
Armour         | 3 |  3.5
Invocations    | 3 |  3.6

Action                   |  1- 3 |  4- 6 || total
-------------------------+-------+-------++-------
Melee: Hand axe          |   148 |   140 ||   288
Invok: Bend Space        |       |     2 ||     2
       Banish            |       |     1 ||     1
  Use: Scroll            |     2 |     2 ||     4
       Potion            |     1 |     5 ||     6
  Eat: Chunk             |     3 |     3 ||     6
       Bread ration      |       |     1 ||     1
Armor: Leather armour    |    37 |    18 ||    55
       Ring mail         |       |    42 ||    42
Dodge: Dodged            |    86 |    95 ||   181

Vault maps used:
D:1:      dpeg_arrival_pits
D:2:      bloody_trog, first_bread
D:5:      lemuel_castle_with_subvaults, serial_aquarium, aquarium_bridge_square,
          aquarium_bridge_square, aquarium_window_corner, aquarium_window_fake,
          aquarium_window_corridor_3, aquarium_window_2, aquarium_view_2c,
          aquarium_view_2d, aquarium_balcony_double_2, lemuel_blue_sif_altar,
          uniq_duvessa, uniq_menkaure
Temple:   regret_index_temple_chain_breaker

Table legend:
 A = Turns spent in this place as a percentage of turns spent in the entire game.
 B = Non-inter-level travel turns spent in this place as a percentage of non-inter-level travel turns spent in the entire game.
 C = Inter-level travel turns spent in this place as a percentage of turns spent in this place.
 D = Turns resting spent in this place as a percentage of non-inter-level travel turns spent in this place.
 E = Turns spent auto-exploring this place as a percentage of non-inter-level travel turns spent in this place.
 F = Non-inter-level travel turns spent in this place divided by the number of levels of this place that you've seen.
                   A       B       C       D       E      F
               +-------+-------+-------+-------+-------+----------------------
         Total | 100.0 | 100.0 |   0.4 |   3.3 |   7.1 | 175.3
       Dungeon |  97.8 |  97.8 |   0.4 |   3.2 |   7.2 | 240.0
        Temple |   0.5 |   0.5 |   0.0 |  33.3 |   0.0 |   6.0
         Abyss |   1.7 |   1.7 |   0.0 |   0.0 |   0.0 |  21.0
               +-------+-------+-------+-------+-------+----------------------

Table legend:
 A = Kills in this place as a percentage of kills in entire the game.
 B = Kills by you in this place as a percentage of kills by you in the entire game.
 C = Kills by friends in this place as a percentage of kills by friends in the entire game.
 D = Other kills in this place as a percentage of other kills in the entire game.
 E = Experience gained in this place as a percentage of experience gained in the entire game.
 F = Experience gained in this place divided by the number of levels of this place that you have seen.
                   A       B       C       D       E      F
               +-------+-------+-------+-------+-------+----------------------
         Total | 100.0 | 100.0 |  -nan | 100.0 | 100.0 |  39.7
       Dungeon |  98.7 |  98.7 |  -nan | 100.0 |  99.6 |  55.4
        Temple |   1.3 |   1.3 |  -nan |   0.0 |   0.4 |   1.0
               +-------+-------+-------+-------+-------+----------------------
